 Dungeon Crawl Stone Soup version 0.24-a0-525-g9231cdc (webtiles) character file.

Game seed: 7198561375065401576

245950 relicbr the Executioner (level 19, -4/177 HPs)
             Began as a Minotaur Gladiator on Aug 3, 2019.
             Was the Champion of Okawaru.
             Blown up by an orb spider (23 damage)
             ... with an orb of destruction
             ... on level 2 of the Spider Nest.
             The game lasted 01:36:45 (36995 turns).

relicbr the Executioner (Minotaur Gladiator)       Turns: 36995, Time: 01:36:45

Health: -4/177     AC: 27    Str: 33    XL:     19   Next: 51%
Magic:  22/22      EV: 21    Int: 10    God:    Okawaru [******]
Gold:   1836       SH:  0    Dex: 18    Spells: 18/18 levels left

rFire    + + .     SeeInvis +   b - +2 executioner's axe (freeze)
rCold    + . .     Gourm    .   (shield currently unavailable)
rNeg     . . .     Faith    +   I - +0 gold dragon scales
rPois    +         Spirit   .   d - +2 hat {MR+}
rElec    .         Reflect  .   n - scarf {repulsion}
rCorr    +         Harm     .   D - +1 pair of gloves of a Thousand Stars {Str+10}
MR       ++...                  N - +0 pair of boots "Bamutira" {rCorr Str+2 Int+5}
Stlth    ..........             g - amulet of faith
HPRegen  0.39/turn              M - ring "Zakh" {rPois rF+ SInv}
MPRegen  0.18/turn              v - +3 ring of evasion

@: repel missiles
A: retaliatory headbutt, horns 2
a: Heroism, Finesse, Renounce Religion


You were on level 2 of the Spider Nest.
You worshipped Okawaru.
Okawaru was exalted by your worship.
You were not hungry.

You visited 6 branches of the dungeon, and saw 29 of its levels.
You also visited: Ossuary, Bailey, Gauntlet and Ice Cave.

You collected 4789 gold pieces.
You spent 2953 gold pieces at shops.

Inventory:

Hand Weapons
 a - the +1 battleaxe of Action {holy, *Rage rPois rN+ MR+}
   (Okawaru gifted it to you on level 4 of the Lair of Beasts)

   It has been blessed by the Shining One to cause great damage to the undead
   and demons.
   It protects you from poison.
   It protects you from negative energy.
   It affects your resistance to hostile enchantments.
   It may make you go berserk in combat.
 b - a +2 executioner's axe of freezing (weapon)
 A - a +3 executioner's axe of venom
Missiles
 J - a throwing net (quivered)
Armour
 d - a +2 hat of magic resistance (worn)
 k - the +2 pair of boots of Zuote {Regen+}
   (Okawaru gifted it to you on level 15 of the Dungeon)

   It increases your rate of regeneration.
 n - a scarf of repulsion (worn)
 r - a +2 hat of intelligence
 C - a +1 cloak of magic resistance
 D - the +1 pair of gloves of a Thousand Stars (worn) {Str+10}
   (You bought it in a shop on level 2 of the Orcish Mines)

   It affects your strength (+10).
 F - the +0 plate armour of Claustrophobia {Dex+4}
   (You bought it in a shop on level 2 of the Orcish Mines)

   It affects your dexterity (+4).
 I - +0 gold dragon scales (worn)
 L - the +1 cloak of Starlight {rElec rC+ EV+4 Stlth--}
   (You found it on level 3 of the Depths)

   It affects your evasion (+4).
   It protects you from cold.
   It insulates you from electricity.
   It makes you much less stealthy.
 N - the +0 pair of boots "Bamutira" (worn) {rCorr Str+2 Int+5}
   (You found it in a Gauntlet)

   It affects your strength (+2).
   It affects your intelligence (+5).
   It provides partial protection from all sources of acid and corrosion.
 O - a +2 pair of boots of running
Jewellery
 g - an amulet of faith (around neck)
 m - an uncursed ring of protection from magic
 p - a +4 ring of protection
 v - a +3 ring of evasion (right hand)
 M - the ring "Zakh" (left hand) {rPois rF+ SInv}
   (You found it on level 12 of the Dungeon)

   [ring of poison resistance]

   It protects you from fire.
   It protects you from poison.
   It lets you see invisible.
Wands
 j - a wand of clouds (13)
 P - a wand of digging (1)
 W - a wand of iceblast (20)
 X - a wand of disintegration (16)
Scrolls
 c - 2 scrolls of enchant weapon
 e - 10 scrolls of magic mapping
 l - 7 scrolls of fear
 q - 6 scrolls of teleportation
 u - 3 scrolls of enchant armour
 y - 12 scrolls of remove curse
 z - 3 scrolls of identify
 E - 5 scrolls of blinking
 G - a scroll of random uselessness {unknown}
Potions
 h - 2 potions of agility
 i - 2 potions of resistance
 o - 16 potions of curing
 s - 5 potions of flight
 t - 2 potions of heal wounds
 w - 4 potions of might
 B - a potion of berserk rage
 H - a potion of mutation {unknown}
Miscellaneous
 x - a lightning rod (4/4)
Comestibles
 f - 31 rations


   Skills:
 - Level 17.3 Fighting
 * Level 24.8 Axes
 - Level 2.1 Throwing
 - Level 17.2 Armour
 - Level 17.4 Dodging
   Level 4.0 Shields
 - Level 6.6 Invocations


You had 18 spell levels left.
You didn't know any spells.
Your spell library contained the following spells:

 Spells                   Type           Power        Failure   Level  Hunger
 Flame Tongue             Conj/Fire      #....        98%         1    ##.....
 Magic Dart               Conj           #...         98%         1    ##.....
 Shock                    Conj/Air       #...         98%         1    ##.....
 Sting                    Conj/Pois      #...         98%         1    ##.....
 Summon Small Mammal      Summ           #...         98%         1    ##.....
 Blink                    Tloc           N/A          99%         2    ###....
 Call Imp                 Summ           #.......     99%         2    ###....
 Poisonous Vapours        Pois/Air       #.....       99%         2    ###....
 Searing Ray              Conj           #.....       99%         2    ###....
 Slow                     Hex            #.......     99%         2    ###....
 Swiftness                Chrm/Air       #.......     99%         2    ###....
 Throw Flame              Conj/Fire      #.....       99%         2    ###....
 Call Canine Familiar     Summ           #.......     100%        3    ####...
 Conjure Flame            Conj/Fire      #.......     100%        3    ####...
 Dazzling Spray           Conj/Hex       #.....       100%        3    ####...
 Inner Flame              Hex/Fire       #.......     100%        3    ####...
 Mephitic Cloud           Conj/Pois/Air  #.......     100%        3    ####...
 Recall                   Summ/Tloc      N/A          100%        3    ####...
 Static Discharge         Conj/Air       #.......     100%        3    ####...
 Summon Guardian Golem    Hex/Summ       #.......     100%        3    ####...
 Airstrike                Air            #.........   100%        4    #####..
 Animate Dead             Necr           N/A          100%        4    #####..
 Force Lance              Conj/Tloc      #.......     100%        4    #####..
 Fulminant Prism          Conj/Hex       #.........   100%        4    #####..
 Iskenderun's Mystic Bla  Conj           #.......     100%        4    #####..
 Sticky Flame             Conj/Fire      #.......     100%        4    #####..
 Summon Ice Beast         Ice/Summ       #.......     100%        4    #####..
 Summon Lightning Spire   Summ/Air       #.......     100%        4    #####..
 Throw Icicle             Conj/Ice       #.......     100%        4    #####..
 Borgnjor's Vile Clutch   Necr/Erth      #.........   100%        5    ######.
 Fireball                 Conj/Fire      #.........   100%        5    ######.
 Lightning Bolt           Conj/Air       #.........   100%        5    ######.
 Death Channel            Necr           #.........   100%        6    #######
 Freezing Cloud           Conj/Ice/Air   #.........   100%        6    #######
 Simulacrum               Ice/Necr       #.........   100%        6    #######
 Ring of Flames           Chrm/Fire      #.........   100%        7    #######


Dungeon Overview and Level Annotations

Branches:
Dungeon (15/15)            Temple (1/1) D:5            Lair (6/6) D:10
  Swamp (0/4) Lair:2       Spider (2/4) Lair:4        Slime (0/5) Lair:6
    Orc (2/2) D:12            Elf (0/3) Orc:2        Vaults (0/5) D:14
 Depths (3/5) D:15

Altars:
Ashenzari
Cheibriados
Dithmenos
Elyvilon
Fedhas
Gozag
Hepliaklqana
Kikubaaqudgha
Makhleb
Nemelex Xobeh
Okawaru
Qazlal
Ru
Sif Muna
Trog
Uskayaw
Vehumet
Wu Jian
Xom
Yredelemnul
Zin
The Shining One
Beogh

Shops:
D:5 !   D:6 %   D:8 }   D:9 [   D:12 [   D:15 =   Orc:2 [([?=   Depths:2 }

Portals:
Hell: Depths:1 Depths:2 Depths:3
Abyss: Depths:2
Pandemonium: Depths:3
Ziggurat: Depths:3


Innate Abilities, Weirdness & Mutations

You reflexively headbutt those who attack you in melee.
You have a pair of horns on your head.


Message History

An orb of destruction comes into view.
The orb spider weaves a glowing orb of energy.
An orb of destruction comes into view.
The jumping spider leaps! x2
The orb of destruction hits you!
* * * LOW HITPOINT WARNING * * *
The jumping spider misses you. x2
The orb spider begins to weave its threads into a brightly glowing ball.
The jumping spider leaps!
You slash the jumping spider! You freeze the jumping spider.
You headbutt the jumping spider.
You kill the jumping spider!
Okawaru accepts your kill.
The orb spider weaves a glowing orb of energy.
An orb of destruction comes into view.
The orb spider begins to weave its threads into a brightly glowing ball.
You see here a jumping spider corpse.
There is an escape hatch in the ceiling here.
The orb of destruction hits you!!
You die...

## ### ...#.# ###
.#...# #.##..(^#
#..#..######
#.@..##....# #
##.○.##.^...# #.
###...○#...## #.
#...##○.....#
.##..###..###°..####
..........^###ss...#
..#...<.#.#.°s...##
#^#^#####.###..# #
## #.#.#.####


You could see 3 orb spiders.

Vanquished Creatures
  A juggernaut (Depths:3)
  2 ancient liches (Depths:3)
  Saint Roka (Orc:2)
  A caustic shrike (Depths:3)
  A golden dragon (Depths:3)
  Nikola (Depths:2)
  5 liches
  A titan (Depths:3)
  2 sphinxes
  Gastronok (Lair:1)
  Kirke (Spider:1)
  A storm dragon (Depths:2)
  A daeva (Depths:3)
  A tengu reaver (D:15)
  A shadow dragon (Depths:3)
  7 frost giants
  7 fire giants
  An iron dragon (Depths:3)
  10 stone giants
  An angel (Depths:3)
  2 entropy weavers (Spider:1)
  6 very ugly things
  2 vampire knights
  A deep elf annihilator (Depths:3)
  3 spark wasps (Depths:1)
  9 ettins
  A minotaur (Gauntlet)
  Snorg (D:10)
  2 crystal guardians (D:12)
  A green death (Depths:3)
  5 jiangshi
  Josephine (Lair:5)
  6 ogre magi
  A merfolk impaler (Depths:1)
  6 rakshasas
  7 fire dragons
  3 yaktaur captains
  Harold (D:8)
  2 spriggan air magi (Depths:3)
  Fannar (Lair:3)
  9 great orbs of eyes
  2 vault guards (D:14)
  9 ice dragons
  8 hydras
  11 centaur warriors
  2 catoblepae
  A queen ant (shapeshifter) (Depths:2)
  5 tengu warriors
  5 deep troll shamans
  15 two-headed ogres
  6 death yaks
  A two-headed ogre (shapeshifter) (Depths:3)
  A queen ant (Spider:1)
  3 orc high priests (Orc:2)
  3 deep troll earth magi
  A spriggan berserker (Depths:1)
  2 vampire magi
  Nergalle (Lair:2)
  Sonja (Lair:1)
  2 glowing orange brains
  A glowing orange brain (shapeshifter) (D:15)
  3 unseen horrors
  9 deep trolls
  A flayed ghost (Depths:1)
  A lindwurm (Lair:6)
  An orange crystal statue (D:12)
  2 deep elf magi
  A necromancer (Depths:3)
  3 wizards
  28 ugly things
  9 orc knights
  2 oklob plants
  The ghost of Oroborous the Geomancer, a novice DsEE of Kikubaaqudgha (D:5)
  4 orb spiders
  8 wolf spiders
  4 orc sorcerers
  2 manticores
  3 elephants (Lair:5)
  Maurice (D:11)
  7 black mambas
  2 ice statues (IceCv)
  3 centaur zombies
  A guardian serpent (Lair:6)
  5 torpor snails (Lair:6)
  13 spiny frogs
  A centaur skeleton (D:15)
  A gargoyle (D:13)
  Joseph (Lair:1)
  A hellion (Gauntlet)
  A kobold demonologist (D:12)
  A rime drake (Lair:2)
  6 demonic crawlers
  A freezing wraith (D:15)
  5 spectral swamp worms (Depths:2)
  6 komodo dragons
  5 tengu conjurers
  A komodo dragon (shapeshifter) (D:13)
  2 red devils (Depths:3)
  3 yaktaurs
  8 ice devils
  A hellwing (Depths:3)
  8 trolls
  A polar bear (Lair:2)
  5 jumping spiders
  A wind drake (shapeshifter) (D:15)
  8 tyrant leeches
  10 hornets
  12 blink frogs
  5 hippogriffs
  26 slime creatures
  18 redbacks
  2 shadows
  12 wyverns
  4 tarantellas
  A yak (shapeshifter) (Depths:3)
  2 vampires
  28 yaks
  A spriggan (D:9)
  2 hogs (Spider:1)
  6 wraiths
  20 humans (D:14)
  A hungry ghost (D:12)
  4 vampire mosquitoes
  2 basilisks
  A warg (shapeshifter) (Gauntlet)
  A steam dragon (D:10)
  4 wargs (Orc:2)
  Menkaure (Ossuary)
  The ghost of Noko the Magician, an amateur BaNe (D:4)
  2 acid dragons
  Duvessa (D:6)
  10 porcupines
  25 soldier ants
  A soldier ant (shapeshifter) (Depths:1)
  22 water moccasins
  46 orc warriors
  2 ice beasts
  5 phantoms
  6 sky beasts
  3 black bears
  A meliai simulacrum (D:15)
  2 eyes of draining
  17 ogres
  4 boggarts (Depths:1)
  A black bear (shapeshifter) (Depths:1)
  22 centaurs
  11 wolves
  8 crocodiles
  3 big kobolds
  14 bullfrogs
  4 earth elementals (Depths:3)
  A wyvern zombie (D:6)
  2 gnoll sergeants
  Dowan (D:6)
  A water moccasin skeleton (D:8)
  4 scorpions
  7 killer bees
  12 wights
  2 electric eels (D:7)
  4 crimson imps
  12 hounds
  5 jellies
  23 orc priests
  41 orc wizards
  2 bullfrog skeletons
  Jessica (D:8)
  4 iguanas
  25 worker ants
  3 hound skeletons
  3 mummies (Ossuary)
  A worker ant zombie (D:7)
  8 gnolls
  13 adders
  A shadow imp (D:15)
  5 white imps (IceCv)
  12 ufetubi (IceCv)
  An adder zombie (D:8)
  2 oozes
  2 worms
  A dart slug (D:4)
  6 leopard geckos
  151 orcs
  5 giant cockroaches
  7 gnoll zombies (Ossuary)
  3 hobgoblins
  10 jackals
  6 kobolds
  3 quokkas
  A ball python (D:4)
  3 bats
  4 frilled lizards
  2 gnoll skeletons (Ossuary)
  5 goblins
  3 goblin skeletons (Ossuary)
  4 goblin zombies (Ossuary)
  5 hobgoblin skeletons (Ossuary)
  6 hobgoblin zombies (Ossuary)
  A jackal skeleton (D:6)
  3 kobold skeletons (Ossuary)
  4 kobold zombies (Ossuary)
  5 orc skeletons (Ossuary)
  An orc zombie (Ossuary)
  9 rats
  5 rat skeletons (Ossuary)
  3 rat zombies (Ossuary)
  6 fungi
  8 plants
1220 creatures vanquished.

Vanquished Creatures (others)
  A reaper (IceCv)
  2 ugly things (Depths:2)
  A blink frog (Lair:6)
  2 humans (Spider:1)
  A centaur (D:14)
  A boggart (Depths:2)
  A white imp (IceCv)
  3 ufetubi (IceCv)
  2 hobgoblin skeletons (Ossuary)
  A bush (Lair:6)
  A demonic plant (Gauntlet)
  12 fungi
  31 plants (Lair:6)
59 creatures vanquished.

Grand Total: 1279 creatures vanquished

Notes
Turn   | Place    | Note
-------+----------+-------------------------------------------
     0 | D:1      | relicbr the Minotaur Gladiator began the quest for the Orb.
     0 | D:1      | Reached XP level 1. HP: 18/18 MP: 0/0
   149 | D:1      | Found a sparkling altar of Nemelex Xobeh.
   351 | D:1      | Reached XP level 2. HP: 25/25 MP: 1/1
   433 | D:1      | Reached skill level 4 in Axes
  1188 | D:2      | Reached XP level 3. HP: 30/30 MP: 2/2
  1902 | D:3      | Reached skill level 1 in Armour
  1936 | D:3      | Reached skill level 5 in Axes
  2287 | D:4      | Found a runed translucent gate.
  2287 | D:4      | Found a runed translucent gate.
  2287 | D:4      | Found a runed translucent gate.
  2291 | D:4      | Noticed Noko's ghost (amateur BaNe)
  2309 | D:4      | Reached XP level 4. HP: 34/37 MP: 3/3
  2382 | D:4      | Noticed an ogre
  2387 | D:4      | Reached skill level 6 in Axes
  2394 | D:4      | Killed an ogre
  2394 | D:4      | Reached skill level 7 in Axes
  2394 | D:4      | Reached XP level 5. HP: 28/42 MP: 4/4
  2859 | D:4      | Found a hazy altar of Hepliaklqana.
  2902 | D:4      | Reached XP level 6. HP: 50/50 MP: 5/5
  3036 | D:5      | Entered Level 5 of the Dungeon
  3110 | D:5      | Noticed an ice beast
  3115 | D:5      | Killed an ice beast
  3115 | D:5      | Reached skill level 8 in Axes
  3119 | D:5      | Noticed Oroborous's ghost (novice DsEE)
  3139 | D:5      | Found a runed translucent gate.
  3139 | D:5      | Found a runed translucent gate.
  3141 | D:5      | Found a runed translucent gate.
  3150 | D:5      | Reached skill level 9 in Axes
  3293 | D:5      | Found a staircase to the Ecumenical Temple.
  3371 | Temple   | Entered the Ecumenical Temple
  3480 | D:5      | Found Tootog's Distillery.
  3485 | D:5      | Bought a potion of heal wounds for 65 gold pieces
  3485 | D:5      | Bought a potion of curing for 39 gold pieces
  3485 | D:5      | Bought a potion of heal wounds for 65 gold pieces
  3512 | D:5      | Reached XP level 7. HP: 47/56 MP: 6/6
  3819 | D:6      | Reached skill level 10 in Axes
  4201 | D:6      | Noticed Duvessa
  4206 | D:6      | Noticed Dowan
  4222 | D:6      | Killed Duvessa
  4222 | D:6      | Reached skill level 11 in Axes
  4222 | D:6      | Reached XP level 8. HP: 21/62 MP: 7/7
  4224 | D:6      | Killed Dowan
  4502 | D:6      | Found Puydetaf's Food Boutique.
  4727 | D:6      | Found a glowing silver altar of Zin.
  4731 | D:6      | Noticed an angel
  4733 | D:6      | Found a shimmering altar of Xom.
  4778 | D:6      | Reached skill level 12 in Axes
  5016 | D:7      | Found a sand-covered staircase.
  5030 | Ossuary  | Entered an ossuary
  5297 | Ossuary  | Noticed Menkaure
  5302 | Ossuary  | Killed Menkaure
  5378 | D:7      | Reached skill level 13 in Axes
  5629 | D:7      | Reached XP level 9. HP: 41/68 MP: 8/8
  5786 | D:7      | Reached skill level 14 in Axes
  5829 | D:7      | Reached skill level 1 in Shields
  6585 | D:7      | Paralysed by a hornet for 2 turns
  7170 | D:7      | Reached skill level 15 in Axes
  7574 | D:4      | Killed Noko's ghost
  7688 | D:5      | Killed Oroborous's ghost
  7863 | D:8      | Found a glowing golden altar of the Shining One.
  7865 | D:8      | Found an iron altar of Okawaru.
  7885 | D:8      | Became a worshipper of Warmaster Okawaru
  8020 | D:8      | Reached skill level 16 in Axes
  8020 | D:8      | Reached XP level 10. HP: 47/74 MP: 9/9
  8024 | D:8      | Noticed Harold
  8049 | D:8      | Killed Harold
  8049 | D:8      | Reached * piety under Okawaru
  8220 | D:8      | Found Maqeh's Gadget Shop.
  8451 | D:8      | Noticed Jessica
  8453 | D:8      | Killed Jessica
  8461 | D:8      | Found a deep blue altar of Sif Muna.
  8567 | D:9      | Identified the Collected Works on Conjuration and Lightness
  8569 | D:9      | Found Basch's Armour Shop.
  8846 | D:9      | Bought the cursed +0 cloak of Jigsaw {rN+ rCorr} for 256
                  | gold pieces
  8957 | D:9      | Noticed a purple ugly thing
  8979 | D:9      | Killed a purple ugly thing
  8979 | D:9      | Reached skill level 5 in Fighting
  8989 | D:9      | Reached ** piety under Okawaru
  9898 | D:10     | Entered Level 10 of the Dungeon
  9898 | D:10     | Noticed Snorg
  9904 | D:10     | Killed Snorg
  9904 | D:10     | Reached skill level 1 in Invocations
  9943 | D:10     | Found a staircase to the Lair.
  9973 | D:10     | Reached XP level 11. HP: 91/97 MP: 10/10
 10006 | D:10     | Reached *** piety under Okawaru
 10189 | D:10     | Found a roughly hewn altar of Beogh.
 10300 | D:10     | Reached skill level 10 in Fighting
 10656 | Lair:1   | Entered Level 1 of the Lair of Beasts
 10669 | Lair:1   | Noticed Joseph
 10680 | Lair:1   | Killed Joseph
 10841 | Lair:1   | Found a gate leading to a gauntlet.
 10850 | Gauntlet | Entered a Gauntlet
 10850 | Gauntlet | Found a transporter.
 10958 | Gauntlet | Found a transporter.
 10967 | Gauntlet | Found a transporter.
 10969 | Gauntlet | Found a transporter.
 10978 | Gauntlet | Found a transporter.
 10987 | Gauntlet | Noticed a green death
 10994 | Gauntlet | Found a transporter.
 11004 | Gauntlet | Found a transporter.
 11010 | Gauntlet | Noticed a minotaur
 11014 | Gauntlet | Found a transporter.
 11024 | Gauntlet | Found a runed translucent door.
 11024 | Gauntlet | Found a runed translucent door.
 11028 | Gauntlet | Found a transporter.
 11040 | Gauntlet | Found a transporter.
 11040 | Gauntlet | Found a transporter.
 11040 | Gauntlet | Noticed an oklob plant
 11054 | Gauntlet | Found a transporter.
 11094 | Gauntlet | Found a transporter.
 11094 | Gauntlet | Noticed a death scarab
 11106 | Gauntlet | Noticed a death scarab
 11109 | Gauntlet | Found a transporter.
 11288 | Gauntlet | Killed an oklob plant
 11288 | Gauntlet | Reached **** piety under Okawaru
 11372 | Gauntlet | Got a pair of faintly glowing boots
 11380 | Gauntlet | Identified the +0 pair of boots "Bamutira" {rCorr Str+2
                  | Int+5} (You found it in a Gauntlet)
 11475 | Gauntlet | Killed a minotaur
 11827 | Lair:1   | Noticed a four-headed hydra
 11839 | Lair:1   | Killed an eight-headed hydra
 12016 | Lair:1   | Received a gift from Okawaru
 12303 | Lair:1   | Noticed Gastronok
 12330 | Lair:1   | Killed Gastronok
 12330 | Lair:1   | Reached ***** piety under Okawaru
 12330 | Lair:1   | Reached skill level 10 in Armour
 12330 | Lair:1   | Reached XP level 12. HP: 60/110 MP: 12/12
 12628 | Lair:1   | Noticed Sonja
 12784 | Lair:1   | Killed Sonja
 13369 | D:11     | Noticed Maurice
 13381 | D:11     | Killed Maurice
 13381 | D:11     | Reached skill level 5 in Dodging
 14416 | Lair:2   | Noticed a seven-headed hydra
 14450 | Lair:2   | Killed a ten-headed hydra
 14486 | Lair:2   | Noticed Nergalle
 14506 | Lair:2   | Killed Nergalle
 14507 | Lair:2   | Found a staircase to the Swamp.
 14761 | Lair:3   | Noticed Fannar
 14776 | Lair:3   | Killed Fannar
 14797 | Lair:3   | Noticed a seven-headed hydra
 14810 | Lair:3   | Killed a 13-headed hydra
 14810 | Lair:3   | Reached skill level 10 in Dodging
 14843 | Lair:3   | Noticed a death yak
 14847 | Lair:3   | Noticed a death yak
 14856 | Lair:3   | Noticed a death yak
 14859 | Lair:3   | Killed a death yak
 14869 | Lair:3   | Killed a death yak
 14869 | Lair:3   | Killed a death yak
 15192 | Lair:3   | Reached skill level 5 in Invocations
 15225 | Lair:3   | Got a faintly glowing leather armour
 15236 | Lair:3   | Identified the cursed +1 leather armour "Furymoa" {-Cast
                  | rPois Int+6 Stlth+} (You found it on level 3 of the Lair of
                  | Beasts)
 15728 | Lair:4   | Reached XP level 13. HP: 106/116 MP: 13/16
 15844 | Lair:4   | Received a gift from Okawaru
 15845 | Lair:4   | Got a steaming battleaxe {god gift}
 15869 | Lair:4   | Identified the +1 battleaxe of Action {holy, *Rage rPois
                  | rN+ MR+} (Okawaru gifted it to you on level 4 of the Lair
                  | of Beasts)
 16144 | Lair:4   | Found a hole to the Spider Nest.
 16171 | Lair:4   | Reached skill level 17 in Axes
 16438 | Lair:5   | Noticed Josephine
 16449 | Lair:5   | Killed Josephine
 17328 | Lair:6   | Entered Level 6 of the Lair of Beasts
 17338 | Lair:6   | Reached skill level 18 in Axes
 17351 | Lair:6   | Found a frozen archway.
 17363 | IceCv    | Entered an ice cave
 17759 | IceCv    | Received a gift from Okawaru
 17779 | IceCv    | Killed a reaper
 18526 | Lair:6   | Reached skill level 19 in Axes
 18568 | Lair:6   | Found a staircase to the Slime Pits.
 18844 | Lair:6   | Reached ****** piety under Okawaru
 18850 | Lair:6   | Reached XP level 14. HP: 98/124 MP: 17/17
 19177 | Lair:6   | Reached skill level 20 in Axes
 19638 | Lair:6   | Found a runed translucent door.
 19762 | Lair:6   | Received a gift from Okawaru
 20739 | D:12     | Found a runed translucent door.
 20748 | D:12     | Found the +0 sword of Power
 20792 | D:12     | Reached skill level 21 in Axes
 21100 | D:12     | Found a staircase to the Orcish Mines.
 21114 | D:12     | You fall into a shaft and drop 1 floor!
 21157 | D:13     | Found a flagged portal.
 21166 | Bailey   | Entered a bailey
 22033 | D:13     | Reached skill level 22 in Axes
 22333 | D:13     | Received a gift from Okawaru
 22759 | Orc:1    | Entered Level 1 of the Orcish Mines
 23562 | Orc:2    | Entered Level 2 of the Orcish Mines
 23572 | Orc:2    | Found a roughly hewn altar of Beogh.
 23593 | Orc:2    | Reached XP level 15. HP: 112/129 MP: 15/18
 23920 | Orc:2    | Found Ceebb's Antique Armour Boutique.
 24007 | Orc:2    | Noticed Saint Roka
 24451 | Orc:2    | Killed Saint Roka
 24451 | Orc:2    | Reached skill level 23 in Axes
 24672 | Orc:2    | Bought a pair of smoking gloves for 237 gold pieces
 24682 | Orc:2    | Identified the +1 pair of gloves of a Thousand Stars
                  | {Str+10} (You bought it in a shop on level 2 of the Orcish
                  | Mines)
 24711 | Orc:2    | Found Cadimm's Antique Weapon Shop.
 24712 | Orc:2    | Found a roughly hewn altar of Beogh.
 24713 | Orc:2    | Found Cuollam's Antique Armour Boutique.
 24720 | Orc:2    | Bought a hunting sling for 42 gold pieces
 24720 | Orc:2    | Bought a bloodstained war axe for 238 gold pieces
 24726 | Orc:2    | Bought a faintly humming plate armour for 644 gold pieces
 24726 | Orc:2    | Bought a bloodstained ring mail for 207 gold pieces
 24736 | Orc:2    | Identified the cursed +0 plate armour of Claustrophobia
                  | {Dex+4} (You bought it in a shop on level 2 of the Orcish
                  | Mines)
 24747 | Orc:2    | Identified the +4 ring mail "Ynniomemn" {+Inv rC+ rCorr}
                  | (You bought it in a shop on level 2 of the Orcish Mines)
 24759 | Orc:2    | Identified the cursed +3 war axe "Otarr" {flame, rN+
                  | Stlth+} (You bought it in a shop on level 2 of the Orcish
                  | Mines)
 24887 | Orc:2    | Found a staircase to the Elven Halls.
 25132 | Orc:2    | Found a roughly hewn altar of Beogh.
 25202 | Orc:2    | Found a roughly hewn altar of Beogh.
 25214 | Orc:2    | Found Qisi's Jewellery Shoppe.
 25234 | Orc:2    | Bought a +4 ring of protection for 432 gold pieces
 25461 | Orc:2    | Found a roughly hewn altar of Beogh.
 25474 | Orc:2    | Found Byxidgh's Magic Scroll Shop.
 25479 | Orc:2    | Bought a scroll of remove curse for 39 gold pieces
 25479 | Orc:2    | Bought a scroll of teleportation for 39 gold pieces
 25479 | Orc:2    | Bought a scroll of identify for 26 gold pieces
 25479 | Orc:2    | Bought a scroll of remove curse for 39 gold pieces
 25479 | Orc:2    | Bought a scroll of magic mapping for 45 gold pieces
 25479 | Orc:2    | Bought a scroll of identify for 26 gold pieces
 25479 | Orc:2    | Bought a scroll of remove curse for 39 gold pieces
 25554 | Orc:2    | Found a roughly hewn altar of Beogh.
 25720 | D:12     | Got a fine lapis lazuli ring
 25978 | D:12     | Found Eproliq's Armour Shop.
 26093 | Lair:2   | Identified the ring "Zakh" {rPois rF+ SInv} (You found it
                  | on level 12 of the Dungeon)
 26458 | D:14     | Reached skill level 24 in Axes
 26502 | D:14     | Found a gate to the Vaults.
 26575 | D:14     | You fall into a shaft and drop 1 floor!
 26575 | D:15     | Entered Level 15 of the Dungeon
 26650 | D:15     | Received a gift from Okawaru
 26675 | D:15     | Got a pair of pitted boots {god gift}
 26691 | D:15     | Identified the +2 pair of boots of Zuote {Regen+} (Okawaru
                  | gifted it to you on level 15 of the Dungeon)
 26710 | D:15     | Found a staircase to the Depths.
 26800 | D:15     | Found Qerhaow's Jewellery Shop.
 26840 | D:15     | Bought an uncursed ring of protection from magic for 475
                  | gold pieces
 26901 | D:15     | Got a faintly glowing chain mail
 26912 | D:15     | Identified the +1 chain mail of the Morning Star {rC+
                  | Regen+ Str+3} (You found it on level 15 of the Dungeon)
 26978 | D:15     | Reached XP level 16. HP: 102/137 MP: 19/19
 27179 | D:15     | Found a large runed translucent door.
 27179 | D:15     | Found a large runed translucent door.
 27335 | D:15     | Noticed a tengu reaver
 27348 | D:15     | Killed a tengu reaver
 27361 | D:15     | Found a stormy altar of Qazlal.
 27364 | D:15     | Found a blossoming altar of Fedhas.
 27795 | Depths:1 | Entered Level 1 of the Depths
 27823 | Depths:1 | Received a gift from Okawaru
 28072 | Depths:1 | You fall into a shaft and drop 1 floor!
 28081 | Depths:2 | Reached skill level 15 in Armour
 28110 | Depths:2 | Received a gift from Okawaru
 28675 | Depths:2 | Noticed a lich
 28680 | Depths:2 | Killed a lich
 28788 | Depths:2 | Noticed a storm dragon
 29001 | Depths:2 | Noticed a lich
 29011 | Depths:2 | Killed a lich
 29094 | Depths:2 | Received a gift from Okawaru
 29117 | Depths:2 | Found a gateway to Hell.
 29139 | Depths:2 | Reached XP level 17. HP: 146/146 MP: 18/20
 29306 | Depths:2 | Noticed Nikola
 29318 | Depths:2 | Killed Nikola
 29605 | Depths:2 | Received a gift from Okawaru
 29674 | Depths:2 | Found a one-way gate to the infinite horrors of the Abyss.
 29682 | Depths:2 | Found Riykolum's Gadget Shop.
 30489 | Depths:2 | Received a gift from Okawaru
 30664 | Depths:1 | Reached skill level 15 in Fighting
 31455 | Depths:1 | Received a gift from Okawaru
 31520 | Depths:1 | Noticed a lich
 31526 | Depths:1 | Killed a lich
 31838 | Depths:1 | Received a gift from Okawaru
 32006 | Depths:1 | Noticed a lich
 32009 | Depths:1 | Received a gift from Okawaru
 32056 | Depths:1 | Reached XP level 18. HP: 127/170 MP: 21/21
 32344 | Depths:3 | Found a one-way gate leading to the halls of Pandemonium.
 33169 | Depths:3 | Received a gift from Okawaru
 33270 | Depths:3 | Found a gateway to a ziggurat.
 34495 | Depths:3 | Noticed an ancient lich
 34497 | Depths:3 | Noticed a juggernaut
 34506 | Depths:3 | Received a gift from Okawaru
 34510 | Depths:3 | Killed an ancient lich
 34535 | Depths:3 | Killed a juggernaut
 34535 | Depths:3 | Received a gift from Okawaru
 34535 | Depths:3 | Reached skill level 15 in Dodging
 34542 | Depths:3 | Noticed a lich
 35456 | Depths:3 | Killed a lich
 35456 | Depths:3 | Received a gift from Okawaru
 35639 | Depths:3 | Reached XP level 19. HP: 152/177 MP: 16/22
 35640 | Depths:3 | Noticed a golden dragon
 35657 | Depths:3 | Killed a golden dragon
 35687 | Depths:3 | Noticed a caustic shrike
 35694 | Depths:3 | Killed a caustic shrike
 35981 | Depths:3 | Noticed a lich
 35981 | Depths:3 | Noticed an ancient lich
 35982 | Depths:3 | Found the +1 cloak of Starlight {rElec rC+ EV+4 Stlth--}
 35984 | Depths:3 | Killed an ancient lich
 35990 | Depths:3 | Killed a lich
 36417 | Spider:1 | Entered Level 1 of the Spider Nest
 36785 | Spider:1 | Noticed Kirke
 36795 | Spider:1 | Killed Kirke
 36795 | Spider:1 | Received a gift from Okawaru
 36831 | Spider:1 | Identified a +2 pair of boots of running (Okawaru gifted it
                  | to you on level 1 of the Spider Nest)
 36995 | Spider:2 | Blown up by an orb spider

Levels and vault maps discovered:
D:1:      evilmike_arrival_hilbert_curve, layout_basic,
          nemelex_diamond_rough_becter
D:2:      layout_loops_corners, first_ration, hangedman_glass_teeth
D:3:      layout_basic, grunt_ministairs_11, nrook_campfire
D:4:      layout_loops_cross, lemuel_coloured_pillars_altar,
          gammafunk_ghost_split, minmay_stone_trees_small,
          kennysheep_generic_room_16
D:5:      layout_loops_ring, temple_doors_e, serial_shops, shop,
          gammafunk_ghost_split
D:6:      layout_basic, grunt_temple_overflow_order_and_chaos_1, serial_shops,
          shop_statue, uniq_duvessa
D:7:      statuecave_lemuel, layout_cave_pods, nicolae_ossuary_entry_monument,
          roderic_filled_cross
D:8:      layout_basic, chequers_temple_overflow_statue_of_worship, tgw_sif,
          serial_shops, shop, serial_glass, glass_columns_b, glass_columns_b,
          glass_columns_a, glass_columns_a, glass_columns_c, glass_columns_a,
          uniq_harold
D:9:      layout_big_octagon, serial_shops, shop, the_bakery
D:10:     layout_roguey [special_room_orc], lair_entry_dummy, uniq_snorg
D:11:     layout_long_grid, minmay_misc_feat_square, uniq_maurice
D:12:     layout_roguey, orc_0_dummy, serial_shops, kennysheep_mini,
          minmay_crystal_box
D:13:     layout_irregular_city, enter_bailey_8
D:14:     layout_long_grid, grunt_vaults_entry_tiered
D:15:     hangedman_depths_entry_civil_slaughter, layout_irregular_city,
          serial_shops, shop_fountains, jmf_multi_god_temple2
Temple:   nicolae_temple_x_marks_the_god
Lair:1:   layout_regular_city, gauntlet_entry_generic, grunt_megastairs_4,
          uniq_sonja, uniq_joseph, uniq_gastronok
Lair:2:   layout_concentric_octagons, swamp_mist, columned_hall_lemuel,
          serial_bayou_shore_b, uniq_nergalle
Lair:3:   layout_roguey, uniq_fannar
Lair:4:   layout_cave_shapes, spider_nest_entry_webs, grunt_megastairs_2
Lair:5:   layout_loops_ring, uniq_josephine
Lair:6:   wormcave, layout_cave_pods, hangedman_lair_tendril_chambers,
          dpeg_slime_entry_corner, portal_ice_cave_entry_pillars_1,
          nicolae_quartered_pool_medium
Spider:1: layout_spider_delve, minivault_29, uniq_kirke
Spider:2: layout_spider_delve, drop_trap, uniq_arachne
Orc:1:    layout_diamond_mine, nicolae_orc_stony_grotto
Orc:2:    grunt_orc_community_town_hall, layout_caves,
          grunt_orc_community_big_house_2, grunt_orc_community_big_house_2,
          grunt_orc_community_house_3, grunt_orc_community_house_2,
          grunt_orc_community_house_1, grunt_orc_community_house_2,
          grunt_orc_community_house_1, grunt_orc_community_house_3, basic_altar,
          serial_shops, nicolae_shop_overgrown_old_shop
Depths:1: hangedman_stitches_corridor, layout_twisted_cross,
          marbit_kobold_abyss_entry, nicolae_lava_and_water, hell_entry,
          hangedman_abyss_or_decor_lesser_grid
Depths:2: kennysheep_windowed_halls, layout_gridlike, abyss_entry,
          chequers_jeans, pf_hell_entry_tar_river, serial_shops,
          kennysheep_little_box, infiniplex_staircase_pool_1, uniq_nikola
Depths:3: little_maze_vault, layout_gridlike, enter_ziggurat_d, hell_entry,
          rand_demon_pan_entry_3, hangedman_stitches_earthworm,
          minmay_staircase_bubble

Skill      XL: |  1  2  3  4  5  6  7  8  9 10 11 12 13 14 15 16 17 18 19 |
---------------+----------------------------------------------------------+-----
Axes           | 4 5 7 9 11 13 16 19 22 24 | 24.8
Armour         | 1 10 12 17 | 17.2
Shields        | 2 4 |  4.0
Fighting       | 9 11 12 17 | 17.3
Invocations    | 1 2 5 6 |  6.6
Dodging        | 10 16 17 | 17.4
Throwing       | |  2.1

Action                   |  1- 3 |  4- 6 |  7- 9 | 10-12 | 13-15 | 16-18 | 19-21 || total
-------------------------+-------+-------+-------+-------+-------+-------+-------++-------
Melee: War axe           |    85 |    76 |   379 |   507 |    27 |       |       ||  1074
       Headbutt          |     7 |    10 |    86 |   117 |   307 |   294 |    74 ||   895
       Battleaxe         |       |       |       |       |   534 |       |       ||   534
       Executioner's axe |       |       |       |       |   568 |   754 |   201 ||  1523
Throw: Throwing net      |       |     1 |     2 |     9 |     1 |     1 |       ||    14
Invok: Heroism           |       |       |       |    25 |    28 |    18 |     3 ||    74
       Finesse           |       |       |       |     3 |     7 |     5 |     2 ||    17
 Abil: Evoke Flight      |       |       |     1 |       |       |       |       ||     1
Evoke: Wand              |       |       |     8 |    22 |    15 |     9 |       ||    54
       Lightning rod     |       |       |       |       |     5 |       |       ||     5
  Use: Scroll            |     7 |     1 |     4 |    11 |    16 |     8 |       ||    47
       Potion            |       |       |     4 |     6 |       |     6 |       ||    16
 Stab: Held in net/web   |       |       |     3 |     4 |     1 |       |       ||     8
       Paralysed         |       |       |       |     3 |       |       |       ||     3
       Distracted        |       |       |       |       |       |     1 |       ||     1
  Eat: Chunk             |     3 |     4 |    10 |    16 |    31 |     7 |     4 ||    75
       Ration            |       |       |     2 |     2 |     2 |     6 |       ||    12
Armor: Leather armour    |    11 |       |       |       |       |       |       ||    11
       Ring mail         |    12 |    29 |    19 |       |       |       |       ||    60
       Chain mail        |       |       |   106 |   154 |    43 |       |       ||   303
       Steam dragon scal |       |       |       |     9 |       |       |       ||     9
       Plate armour      |       |       |       |       |   332 |   286 |    11 ||   629
       Fire dragon scale |       |       |       |       |     9 |       |       ||     9
       Gold dragon scale |       |       |       |       |       |       |    59 ||    59
Dodge: Dodged            |    51 |    39 |   123 |   211 |   744 |   533 |   150 ||  1851
       Deflected         |       |     4 |     4 |    15 |    36 |    35 |     1 ||    95
Block: Buckler           |       |       |    35 |    95 |     7 |       |       ||   137

Table legend:
 A = Non-vault XP
 B = Vault XP
 C = Vault XP percentage of total XP
 D = Non-vault monster count
 E = Vault monster count
 F = Vault count percentage of total count
                 A         B        C        D         E       F
            +---------+---------+-------+---------+---------+-------
      Total |  207907 |  219468 |  51.4 |     714 |     490 |  40.7
            +---------+---------+-------+---------+---------+-------
        D:1 |      25 |       0 |   0.0 |      14 |       0 |   0.0
        D:2 |      32 |       0 |   0.0 |      15 |       0 |   0.0
        D:3 |      25 |       0 |   0.0 |      10 |       0 |   0.0
        D:4 |     152 |     358 |  70.2 |      20 |       5 |  20.0
        D:5 |     359 |     575 |  61.6 |       5 |       2 |  28.6
        D:6 |     892 |     234 |  20.8 |      26 |       2 |   7.1
        D:7 |    2075 |       0 |   0.0 |      42 |       0 |   0.0
        D:8 |     801 |    1034 |  56.3 |      15 |       2 |  11.8
        D:9 |    2710 |     201 |   6.9 |      35 |       1 |   2.8
       D:10 |    2242 |    1502 |  40.1 |      19 |      26 |  57.8
       D:11 |    1093 |     493 |  31.1 |      14 |       1 |   6.7
       D:12 |    4546 |    3523 |  43.7 |      27 |       5 |  15.6
       D:13 |   10542 |       0 |   0.0 |      44 |       0 |   0.0
       D:14 |    8717 |    6926 |  44.3 |      28 |      25 |  47.2
       D:15 |   15706 |   10156 |  39.3 |      49 |      12 |  19.7
     Lair:1 |    3993 |    3819 |  48.9 |      13 |       5 |  27.8
     Lair:2 |    5302 |     808 |  13.2 |      21 |       1 |   4.5
     Lair:3 |    4963 |     976 |  16.4 |      13 |       1 |   7.1
     Lair:4 |    5298 |     878 |  14.2 |      19 |       5 |  20.8
     Lair:5 |    4644 |    1916 |  29.2 |      19 |       5 |  20.8
     Lair:6 |    8701 |   16557 |  65.6 |      24 |      52 |  68.4
   Spider:1 |    9070 |   10499 |  53.7 |      29 |      48 |  62.3
   Spider:2 |    4443 |       0 |   0.0 |      10 |       0 |   0.0
      Orc:1 |    3269 |       0 |   0.0 |      33 |       0 |   0.0
      Orc:2 |    6373 |   12275 |  65.8 |      53 |      76 |  58.9
   Depths:1 |   36213 |   20514 |  36.2 |      45 |      22 |  32.8
   Depths:2 |   41363 |   31823 |  43.5 |      48 |      25 |  34.2
   Depths:3 |   24358 |   83735 |  77.5 |      24 |      51 |  68.0
    Ossuary |       0 |     273 | 100.0 |       0 |      47 | 100.0
     Bailey |       0 |    4564 | 100.0 |       0 |      40 | 100.0
      IceCv |       0 |    3366 | 100.0 |       0 |      26 | 100.0
   Gauntlet |       0 |    2463 | 100.0 |       0 |       5 | 100.0
            +---------+---------+-------+---------+---------+-------
